Map: Automaton LE

Players

A.I. 1 (Medium)

  • Race: Zerg Zerg
  • Spawn Location: 3:00

Throwfordays - Winner!

  • Race: Terran Terran
  • League: Silver
  • Spawn Location: 9:00

VOD

Have the link to the VOD?

Description

Time

  • Played on: May 6, 2019, 4:30 a.m.
  • Length: 14:37
Show
View Real Time Build Order
Export as new Build Order

A.I. 1 (Medium) Zerg 

Build Orders: 1 Base Baneling Bust, Pool First 

Get SALT Encoding   

  12  0:00  Drone  
  13  0:12  Overlord  
  13  0:17  Drone  
  14  0:30  Drone  
  14  0:33  Drone  
  16  0:44  Spawning Pool  
  16  0:46  Drone  
  16  0:51  Drone  
  16  0:54  Extractor  
  16  0:56  Drone  
  17  1:06  Overlord  
  17  1:31  Zergling x2  
  17  1:32  Queen  
  18  1:37  Zergling x2  
  18  1:38  Drone  
  18  1:39  Roach Warren  
  21  1:45  Extractor  
  20  1:49  Drone  
  21  1:55  Baneling Nest  
  21  2:00  Drone  
  21  2:10  Drone  
  22  2:21  Zergling x2  
  23  2:32  Zergling x2  
  24  2:39  Zergling x2, Overlord  
  25  2:45  Zergling x2  
  25  2:51  Zergling x2  
  27  2:57  Zergling x2  
  28  3:02  Baneling  
  28  3:03  Baneling x2  
  29  3:05  Zergling x2  
  29  3:11  Zergling x2, Overlord  
  30  3:17  Zergling x2  
  31  3:23  Zergling x2, Baneling x2  
  32  3:29  Zergling x2, Baneling  
  33  3:35  Evolution Chamber  
  33  3:39  Drone  
  33  3:43  Drone  
  33  3:45  Drone  
  35  3:48  Drone  
  35  3:53  Drone  
  37  4:01  Drone  
  38  4:12  Drone  
  39  4:40  Zergling x2  
  39  6:15  Baneling  
  36  6:20  Overlord  
  36  6:21  Lair, Drone  
  36  6:22  Spore Crawler  
  36  6:24  Spore Crawler, Drone  
  36  6:25  Zergling x2  
  32  6:27  Drone  
  32  6:28  Hatchery, Evolution Chamber  
  32  6:30  Drone  
  30  6:33  Drone  
  30  6:35  Zergling x2  
  29  6:45  Zergling x2  
  30  6:49  Spine Crawler  
  30  6:50  Drone  
  29  6:55  Zergling x2  
  30  7:06  Zergling x2, Spine Crawler  
  30  7:07  Drone  
  30  7:16  Zergling x2  
  30  7:18  Overseer x2  
  30  7:23  Spire  
  30  7:25  Hydralisk Den  
  30  7:26  Zergling x2, Drone  
  30  7:27  Infestation Pit  
  30  7:29  Drone  
  29  7:32  Drone  
  29  7:36  Zergling x2  
  30  7:40  Drone  
  30  7:44  Drone  
  32  7:46  Zergling x2, Baneling  
  32  7:48  Drone  
  34  7:55  Drone  
  34  7:56  Zergling x2, Baneling  
  34  7:58  Drone  
  37  8:00  Drone  
  37  8:03  Drone  
  39  8:06  Drone  
  39  8:11  Drone  
  41  8:14  Spore Crawler, Drone  
  41  8:21  Spore Crawler, Drone  
  41  8:24  Drone  
  42  8:28  Drone, Overlord  
  42  8:31  Drone  
  44  8:34  Drone, Mutalisk  
  47  8:44  Drone, Spine Crawler, Mutalisk  
  47  8:45  Spine Crawler  
  48  8:52  Queen  
  48  8:54  Mutalisk  
  48  8:55  Drone  
  53  8:59  Queen  
  53  9:00  Drone  
  56  9:04  Mutalisk, Overlord  
  56  9:06  Drone  
  56  9:08  Drone  
  60  9:16  Drone  
  61  9:17  Mutalisk  
  63  9:25  Overseer  
  63  9:27  Overlord  
  63  9:28  Mutalisk  
  65  10:01  Extractor  
  64  10:07  Extractor  
  63  10:24  Drone  
  63  10:27  Drone  
  65  10:30  Drone  
  65  10:32  Drone  
  65  10:34  Overlord  
  68  10:35  Drone  
  68  10:38  Drone  
  69  11:08  Roach, Overlord, Pneumatized Carapace  
  69  11:09  Overseer, Metabolic Boost  
  69  11:10  Zerg Melee Weapons Level 1, Zerg Ground Armor Level 1, Burrow  
  71  11:14  Hydralisk  
  73  11:22  Roach  
  75  11:28  Overlord, Hydralisk  
  77  11:35  Roach  
  77  11:38  Hatchery  
  78  11:42  Roach  
  78  11:44  Overseer  
  78  11:46  Overlord  
  79  11:47  Hydralisk  
  79  11:53  Hive  
  65  11:54  Hydralisk  
  65  11:58  Overseer  
  65  12:01  Hydralisk  
  67  12:08  Zergling x2  
  64  12:17  Hydralisk  
  64  12:21  Queen  
  66  12:39  Zergling x2  
  62  12:45  Overseer, Hydralisk  
  62  12:50  Overlord  
  54  12:51  Drone  
  54  12:52  Hydralisk  
  54  12:54  Drone  
  54  12:57  Drone  
  59  12:59  Roach  
  59  13:00  Drone  
  59  13:03  Drone  
  59  13:04  Spore Crawler  
  60  13:05  Roach  
  60  13:07  Drone  
  60  13:09  Spore Crawler  
  60  13:10  Drone, Overlord  
  60  13:11  Spore Crawler  
  60  13:12  Roach, Ultralisk Cavern  
  52  13:13  Queen, Drone  
  52  13:16  Drone  
  52  13:18  Roach  
  52  13:19  Drone  
  52  13:22  Drone  
  52  13:25  Drone  
  51  13:29  Drone  
  51  13:31  Hydralisk  
  24  13:44  Hydralisk  
  18  13:49  Queen  
  18  13:51  Roach  
  20  13:58  Hatchery  
  20  14:01  Mutalisk  
  15  14:14  Drone  
  11  14:20  Drone  
  5  14:33  Hydralisk Den  
Show
View Real Time Build Order
Export as new Build Order

Throwfordays Terran - Winner!

Build Orders:  

Get SALT Encoding   

  12  0:01  SCV  
  13  0:16  Supply Depot  
  13  0:19  SCV  
  14  0:31  SCV  
  15  0:39  Barracks  
  15  0:45  Refinery  
  15  0:46  SCV  
  16  0:59  Supply Depot  
  16  1:00  SCV  
  17  1:12  SCV  
  18  1:24  SCV  
  19  1:29  Reaper  
  20  1:36  SCV  
  21  1:53  Command Center  
  21  2:02  Orbital Command  
  21  2:13  Factory  
  21  2:58  SCV  
  22  3:02  Factory Tech Lab  
  22  3:16  Barracks  
  22  3:19  SCV  
  23  3:26  SCV  
  24  3:30  Refinery  
  24  3:31  SCV  
  24  3:32  Hellion  
  24  3:33  Infernal Pre-Igniter  
  27  3:37  Marine  
  27  3:38  SCV  
  29  3:43  SCV  
  30  3:51  SCV  
  30  3:55  Marine, SCV  
  31  4:00  Hellion  
  35  4:08  SCV, Barracks Tech Lab  
  36  4:11  Barracks  
  36  4:13  Marine  
  36  4:14  SCV  
  38  4:20  SCV  
  39  4:25  Hellion  
  39  4:26  SCV  
  42  4:32  SCV  
  42  4:34  Factory  
  43  4:44  SCV x2  
  45  4:48  Refinery  
  45  4:52  Refinery  
  45  4:56  SCV  
  45  4:59  Supply Depot  
  46  5:06  Barracks Reactor  
  46  5:08  Supply Depot, Combat Shield  
  46  5:20  Supply Depot  
  50  5:21  SCV x2, Hellion  
  50  5:23  Supply Depot  
  50  5:24  Factory Reactor  
  50  5:33  SCV x2  
  52  5:35  Engineering Bay  
  52  5:38  Marine  
  52  5:39  Marine  
  56  5:43  Hellion  
  56  5:45  SCV x2, Starport  
  56  5:46  Supply Depot  
  58  5:56  Marine  
  59  5:57  Marine, SCV x2  
  62  6:08  Hellion  
  62  6:09  SCV x2, Hellion  
  62  6:11  Cyclone  
  71  6:13  Marine, Terran Infantry Weapons Level 1  
  71  6:15  Marine  
  69  6:31  Marine  
  70  6:33  Marine  
  69  6:49  Marine  
  69  6:51  Marine  
  71  7:42  Cyclone  
  71  7:43  Hellion x2  
  78  7:45  Starport Tech Lab  
  78  8:13  Stimpack  
  78  8:14  Supply Depot, Command Center  
  78  8:17  Engineering Bay  
  78  8:19  Armory  
  78  8:22  Cloaking Field  
  78  8:29  Banshee  
  81  8:45  Armory  
  81  8:47  Starport  
  81  8:49  Marine x2  
  81  8:53  Terran Infantry Armor Level 1  
  83  9:01  Hi-Sec Auto Tracking  
  83  9:07  Supply Depot  
  83  9:08  Supply Depot  
  83  9:09  Terran Ship Weapons Level 1  
  83  9:40  Mag-Field Accelerator  
  83  9:45  Starport Tech Lab  
  83  9:47  Banshee  
  83  9:51  Hyperflight Rotors  
  86  9:53  Terran Vehicle Weapons Level 1  
  86  9:58  Supply Depot  
  86  9:59  Fusion Core  
  86  10:01  Supply Depot  
  86  10:02  Terran Infantry Weapons Level 2  
  86  10:07  Supply Depot  
  86  10:14  Banshee  
  86  10:20  Hellion x2  
  93  10:23  Cyclone  
  93  10:26  Marine  
  93  10:27  Marine x2  
  99  10:30  Marine  
  100  10:36  SCV  
  100  10:39  Refinery  
  100  10:40  SCV  
  102  10:44  Marine x2, SCV  
  102  10:45  Marine  
  102  10:48  Marine, SCV  
  108  10:52  SCV  
  108  10:57  SCV  
  110  11:00  SCV  
  110  11:02  Marine x3  
  110  11:04  Cyclone  
  117  11:05  Marine, SCV  
  117  11:06  Hellion x2  
  117  11:09  SCV  
  124  11:12  SCV  
  124  11:16  Liberator x2  
  124  11:17  SCV  
  132  11:18  Advanced Ballistics  
  132  11:20  Marine x3  
  132  11:21  SCV  
  132  11:23  Marine  
  138  11:29  SCV  
  139  11:33  SCV  
  139  11:38  Marine  
  141  11:45  SCV  
  133  12:02  Marine  
Tags
 
Add a new tag
Caveats
  • Supply blocks, unpowered buildings, or Contaminate may cause inaccurate times.
  • Supply counts are checked every 10 seconds.